 Dungeon Crawl Stone Soup version 0.32-a0-921-g04a7ad8 (webtiles) character file.

Game seed: 8999234790606996956

735 Erotictoilet the Cudgeller (level 7, -4/54 HPs)
             Began as a Coglin Berserker on Apr 11, 2024.
             Was a Believer of Trog.
             Slain by a vampire (5 damage)
             ... on level 6 of the Dungeon.
             The game lasted 00:24:26 (3686 turns).

Erotictoilet the Cudgeller (Coglin Berserker)       Turns: 3686, Time: 00:24:26

Health: -4/54      AC: 14    Str: 19    XL:     7   Next: 74%
Magic:  7/7        EV:  8    Int:  6    God:    Trog [**....]
Gold:   254        SH:  0    Dex: 14    Spells: 6/6 levels left

rFire   . . .        c - +0 flail {Jakob}
rCold   . . .        q - +0 mace {Egbert}
rNeg    . . .        f - +2 chain mail
rPois   .            (no helmet)
rElec   .            (no cloak)
rCorr   .            (no gloves)
SInv    .            d - +2 pair of boots
Will    .....        (amulet unavailable) Stlth
                     (ring unavailable)
HPRegen 0.29/turn    (ring unavailable)
MPRegen 0.10/turn    (no gizmo)

%: no passive effects
@: mighty, revving
A: off-hand wielding, slow wielding, warmup strikes, no jewellery
a: Invent Gizmo, Renounce Religion, Berserk, Trog's Hand


You were on level 6 of the Dungeon.
You worshipped Trog.
Trog was pleased with you.
You visited 1 branch of the dungeon, and saw 6 of its levels.

You collected 254 gold pieces.

Inventory:

Hand Weapons
 c - a +0 flail (weapon) {Jakob}
 m - a +0 battleaxe {Fubuki}
 o - a +0 flail {Ekveer}
 q - a +0 mace (offhand) {Egbert}
Missiles
 g - 26 stones (quivered)
Armour
 d - a +2 pair of boots (worn)
 f - a +2 chain mail (worn)
Scrolls
 b - 5 scrolls of teleportation
 j - a scroll of blinking
 k - 2 scrolls of fog
Potions
 h - 2 potions of haste {unknown}
 i - a potion of brilliance {unknown}
 l - 2 potions of cancellation {unknown}
 n - 2 potions of mutation {unknown}
 p - a potion of invisibility {unknown}
 r - 3 potions of heal wounds {unknown}
 s - a potion of berserk rage {unknown}


   Skills:
 + Level 4.2 Fighting
 + Level 0.3(2.3) Short Blades
 + Level 4.2 Long Blades
 + Level 1.7(3.6) Axes
 * Level 4.5(4.6) Maces & Flails
 + Level 3.7 Armour
 + Level 2.5 Dodging
 + Level 0.1 Stealth


You had 6 spell levels left.
You didn't know any spells.
Your spell library contained the following spells:

 Spells                   Type           Power      Damage    Failure   Level
 Magic Dart               Conj           0%         1d3       99%         1
 Summon Small Mammal      Summ           0%         N/A       99%         1
 Lesser Beckoning         Tloc           0%         N/A       99%         2
 Searing Ray              Conj           0%         2d4       99%         2
 Call Canine Familiar     Summ           0%         N/A       100%        3
 Hailstorm                Conj/Ice       0%         3d5       100%        3
 Maxwell's Portable Pile  Tloc           0%         2d(5-13)  100%        3
 Passwall                 Erth           0%         N/A       100%        3
 Summon Ice Beast         Ice/Summ       0%         N/A       100%        3
 Teleport Other           Tloc           0%         N/A       100%        3
 Volatile Blastmotes      Fire/Tloc      0%         2d10      100%        3
 Fulminant Prism          Conj/Alch      0%         3d5       100%        4
 Summon Blazeheart Golem  Fire/Summ      0%         N/A       100%        4
 Vhi's Electric Charge    Tloc/Air       0%         N/A       100%        4
 Arcjolt                  Conj/Air       0%         1d10      100%        5
 Iskenderun's Battlesphe  Conj           0%         2d6       100%        5
 Bombard                  Conj/Erth      0%         9d1       100%        6
 Permafrost Eruption      Ice/Erth       0%         2x4d1     100%        6
 Plasma Beam              Fire/Air       0%         2x1d10    100%        6
 Sculpt Simulacrum        Ice/Alch       0%         N/A       100%        6
 Spellforged Servitor     Conj/Summ      0%         N/A       100%        7


Dungeon Overview and Level Annotations

Branches:
Dungeon (6/15)
 Temple: D:4-7

Altars:
Kikubaaqudgha

Annotations:
D:5 2 transporters, NahIdwin's ghost, novice DrSh


Innate Abilities, Weirdness & Mutations

You can wield a second weapon in your off-hand.
It takes a long time for you to wield or remove held weapons.
Your first few attacks do less damage.
You cannot equip rings or amulets.


Message History

You miss something with your +0 mace.
You hear some strange, mumbled words.
A magic dart appears from out of thin air!
The magic dart hits you. Something hits you but does no damage.
Something bites you!
Something draws strength from your injuries!
There is a strange disturbance nearby!
There is a strange disturbance nearby!
You sock something with your +0 flail!
You closely miss something with your +0 mace.
Something hits you but does no damage. x2
Something bites you but does no damage.
You closely miss something with your +0 flail.
You completely miss something with your +0 mace.
Something hits you but does no damage. Something hits you.
Something bites you but does no damage.
There is a strange disturbance nearby!
There is a strange disturbance nearby!
There is a strange disturbance nearby!
Something hits you. Something hits you! Something bites you.
Something draws strength from your injuries!
You hear some strange, mumbled words.
You are confused.
Something hits you but does no damage. Something bites you.
* * * LOW HITPOINT WARNING * * *
Something draws strength from your injuries!
You're too confused to move!
Something hits you but does no damage. Something bites you.
* * * LOW HITPOINT WARNING * * *
Something draws strength from your injuries!
You bump into the rock wall.
Something hits you but does no damage. Something bites you but does no damage.
Something hits you.
* * * LOW HITPOINT WARNING * * *
Something hits you but does no damage. Something hits you.
* * * LOW HITPOINT WARNING * * *
Something completely misses you.
It was a potion of might.
You feel very mighty all of a sudden.
You feel less confused. Something hits you.
You die...

#......#.....###'#......#
#......#.....#...#......#
#......#.....#...#......#
##.....#.....#...#......#
#######.....#...#......#
#.....##'#########
#.....'.........
#{....#.........
####@....#.........
#........#...#..#.#
#........######## #
#........# #...<....#
#........# #........#
..######### ....


There were no monsters in sight!

Vanquished Creatures
  A phantom (D:5)
  A kobold brigand (D:5)
  2 scorpions (D:5)
  A hound (D:6)
  3 jellies
  5 iguanas
  An orc wizard (D:5)
  Natasha (twice) (D:2)
  6 gnolls
  2 adders
  3 dart slugs
  A ribbon worm (D:3)
  6 orcs
  4 ball pythons
  5 endoplasms
  5 giant cockroaches
  4 goblins
  8 hobgoblins
  7 jackals
  11 kobolds
  A quokka (D:2)
  A bat (D:1)
  3 frilled lizards
  3 rats
86 creatures vanquished.

Notes
Turn   | Place    | Note
-------+----------+-------------------------------------------
     0 | D:1      | Erotictoilet the Coglin Berserker began the quest for the
                  | Orb.
     0 | D:1      | Reached XP level 1. HP: 18/18 MP: 1/1
   206 | D:1      | Reached XP level 2. HP: 24/24 MP: 2/2
   368 | D:1      | Reached XP level 3. HP: 24/29 MP: 3/3
   656 | D:2      | Noticed Natasha
   664 | D:2      | Reached ** piety under Trog
   673 | D:2      | Killed Natasha
   674 | D:2      | Reached XP level 4. HP: 22/35 MP: 4/4
   933 | D:2      | Noticed Natasha
   942 | D:2      | Killed Natasha
   943 | D:2      | Reached skill level 1 in Maces & Flails
  1025 | D:3      | Reached XP level 5. HP: 39/41 MP: 5/5
  1101 | D:3      | You fall into a shaft and drop 1 floor!
  2033 | D:5      | Entered Level 5 of the Dungeon
  2049 | D:5      | Found a transporter.
  2049 | D:5      | Noticed NahIdwin's ghost (novice DrSh)
  2085 | D:5      | Found a transporter.
  2466 | D:5      | Reached XP level 6. HP: 14/48 MP: 6/6
  2657 | D:5      | Reached skill level 1 in Axes
  3018 | D:5      | Reached XP level 7. HP: 24/53 MP: 7/7
  3196 | D:5      | Found an ancient bone altar of Kikubaaqudgha.
  3658 | D:6      | Noticed a vampire
  3685 | D:6      | HP: 1/54 [something (5)]
  3686 | D:6      | Slain by a vampire

Illustrated notes

Levels and vault maps discovered:
D:1:      eino_arrival_tree_alley, layout_rooms, chequers_jeans, st_stairs_10,
          minmay_pentomino_s4
D:2:      minmay_recursive_quarters, layout_basic,
          ebering_ecumenical_altar_abandoned, st_stairs_6, minmay_cut_off,
          uniq_natasha
D:3:      layout_basic
D:4:      layout_rooms, serial_curves, eino_curves_02, eino_curves_02
D:5:      layout_loops_ring, lemuel_round_altar, gammafunk_ghost_mausoleum,
          minivault_24
D:6:      layout_gridville, minmay_circle_x

Skill      XL: |  1  2  3  4  5  6  7 |
---------------+----------------------+-----
Dodging        | 2 |  2.5
Armour         | 2 3 |  3.7
Long Blades    | 4 |  4.2
Maces & Flails | 1 2 3 4 |  4.5
Axes           | 1 |  1.7
Fighting       | 4 |  4.2
Short Blades   | |  0.3
Stealth        | |  0.1

Action                     |  1- 3 |  4- 6 |  7- 9 || total
---------------------------+-------+-------+-------++-------
  Melee: Falchion          |    65 |    29 |       ||    94
         Dagger            |    29 |       |       ||    29
         Flail             |    27 |   107 |    55 ||   189
         Battleaxe         |       |    29 |       ||    29
         Mace              |       |    38 |    50 ||    88
    Use: Scroll            |     3 |     6 |     1 ||    10
         Potion            |       |       |     1 ||     1
 Armour: Chain mail        |    57 |   108 |    71 ||   236
         Animal skin       |     1 |       |       ||     1
  Dodge: Dodged            |    31 |    54 |    17 ||   102

Table legend: (Time is in decaauts)
 A = Elapsed time spent in this place.
 B = Non-inter-level travel time spent in this place.
 C = Inter-level travel time spent in this place.
 D = Time resting spent in this place.
 E = Time spent auto-exploring this place.
 F = Levels seen in this place.
 G = Mean time per level.
                   A        B        C        D        E       F      G
               +--------+--------+--------+--------+--------+-----+--------+
         Total |   3751 |   1555 |   2196 |      0 |      0 |   6 |  625.2 |
       Dungeon |   3751 |   1555 |   2196 |      0 |      0 |   6 |  625.2 |
               +--------+--------+--------+--------+--------+-----+--------+

Top non-repeatable levels by time:
     D:5: 1614 daAuts
     D:3: 695 daAuts
     D:1: 594 daAuts
     D:4: 392 daAuts
     D:2: 379 daAuts
     D:6: 75 daAuts
